 Dungeon Crawl Stone Soup version 0.31-a0-1118-gbca3d03946 (webtiles) character file.

Game seed: 5500862685036214329

1400861 Flugkiller the Devastator (level 26, 215/215 HPs)
             Began as a Mummy Wanderer on Dec 4, 2023.
             Was the Champion of Ashenzari.
             Escaped with the Orb
             ... and 3 runes on Dec 5, 2023!
             The game lasted 02:43:37 (101211 turns).

Flugkiller the Devastator (Mummy Wanderer)        Turns: 101211, Time: 02:43:37

Health: 215/215    AC: 20    Str: 35    XL:     26   Next: 5%
Magic:  8/46       EV: 18    Int: 29    God:    Ashenzari [******]
Gold:   3979       SH: 19    Dex: 16    Spells: 7/63 levels left

rFire   + + .        Q - staff "Sun of the Elysian Seer" (curse) {Drain rElec Str+9 Air, Fort, Elem} (curse)
rCold   + . .        W - +5 kite shield of Supernal Understanding {AC+3, Elem, Comp} (curse)
rNeg    + + +        x - +5 ring mail of the Bound Chagrin {rF++, Bglg, Comp} (curse)
rPois   ∞            P - +1 hat "Enlightened Urgency" {rCorr Dex+3, Elem, Comp} (curse)
rElec   +            C - scarf "Malaise of Ashenzari" {harm, rPois Will+ rCorr Str+3, Elem, Fort} (curse)
rCorr   +            a - +2 pair of gloves of the Chained Stars {hurl, Alch, Elem} (curse)
SInv    +            f - +2 pair of boots of the Cursed Entitlement {Fly, Cun, Fort} (curse)
Will    ++++.        E - amulet "Prescient Paranoia" {Regen+, Elem, Alch} (curse)
Stlth   +            N - ring "Overhang to Understand" {rF+ Str+6 Int+3 Slay+3, Dev, Elem} (curse)
HPRegen 1.35/turn    g - ring of Supernal Wisdom {Int+6, Elem, Dev} (curse)
MPRegen 0.30/turn

%: harm (+30% outgoing, +20% incoming), clarity, faith
@: corroded, flying, studying Long Blades
A: cold resistance 1, negative energy resistance 3, torment resistance 2, heat
vulnerability 1, in touch with death 2, no potions, faith
0: Orb of Zot
}: 3/15 runes: decaying, serpentine, silver
a: Renounce Religion, Shatter the Chains


You escaped.
You worshipped Ashenzari.
Ashenzari was exalted by your worship.
You visited 10 branches of the dungeon, and saw 48 of its levels.
You visited 1 bazaar.
You also visited: Trove, Bailey, Gauntlet and Ice Cave.

You collected 8576 gold pieces.
You spent 4597 gold pieces at shops.

Inventory:

Missiles
 y - 4 throwing nets
 K - 21 curare-tipped darts
Armour
 a - the cursed +2 pair of gloves of the Chained Stars (worn) {hurl, Alch, Elem}
   (You acquired it on level 8 of the Dungeon)

   It has a curse which improves the following skills: Alchemy: Poison Magic and
   Transmutations.
   Elements:  Fire Magic, Ice Magic, Air Magic and Earth Magic.
 f - the cursed +2 pair of boots of the Cursed Entitlement (worn) {Fly, Cun, Fort}
   (You found it in a bailey)

   It has a curse which improves the following skills: Cunning: Dodging and
   Stealth.
   Fortitude: Armour and Shields.
 x - the cursed +5 ring mail of the Bound Chagrin (worn) {rF++, Bglg, Comp}
   (You found it on level 11 of the Dungeon)

   rF++:      It greatly protects you from fire.
   It has a curse which improves the following skills: Beguiling: Conjurations,
   Hexes and Translocations.
   Companions: Summonings and Necromancy.
 C - the cursed scarf "Malaise of Ashenzari" (worn) {harm, rPois Will+ rCorr Str+3, Elem, Fort}
   (You found it in a treasure trove)

   Str+3:     It affects your strength (+3).
   rPois:     It protects you from poison Will+: It increases your willpower.
   rCorr:     It protects you from acid and corrosion.
   It has a curse which improves the following skills: Elements: Fire Magic, Ice
   Magic, Air Magic and Earth Magic.
   Fortitude: Armour and Shields.
 P - the cursed +1 hat "Enlightened Urgency" (worn) {rCorr Dex+3, Elem, Comp}
   (You found it on level 13 of the Dungeon)

   Dex+3:     It affects your dexterity (+3).
   rCorr:     It protects you from acid and corrosion.
   It has a curse which improves the following skills: Elements: Fire Magic, Ice
   Magic, Air Magic and Earth Magic.
   Companions: Summonings and Necromancy.
 W - the cursed +5 kite shield of Supernal Understanding (worn) {AC+3, Elem, Comp}
   (You took it off a naga warrior on level 3 of the Snake Pit)

   It has a curse which improves the following skills: Elements: Fire Magic, Ice
   Magic, Air Magic and Earth Magic.
   Companions: Summonings and Necromancy.
Magical Staves
 Q - the cursed staff "Sun of the Elysian Seer" (weapon) {Drain rElec Str+9 Air, Fort, Elem}
   (You took it off a centaur warrior on level 14 of the Dungeon)

   [staff of air]

   Base accuracy: +5 Base damage: 5 Base attack delay: 1.2 This weapon's minimum
   attack delay (0.6) is reached at skill level 12.
   Str+9:     It affects your strength (+9).
   rElec:     It insulates you from electricity.
   Drain:     It drains your maximum health when unequipped.
   Air:       It increases the power of your Air spells.
   It falls into the 'Staves' category.
   It is a one-handed weapon.
   It has a curse which improves the following skills: Fortitude: Armour and
   Shields.
   Elements:  Fire Magic, Ice Magic, Air Magic and Earth Magic.
Jewellery
 g - the cursed ring of Supernal Wisdom (right hand) {Int+6, Elem, Dev}
   (You found it on level 4 of the Dungeon)

   [ring of intelligence]

   Int+6:     It affects your intelligence (+6).
   It has a curse which improves the following skills: Elements: Fire Magic, Ice
   Magic, Air Magic and Earth Magic.
   Devices:   Evocations.
 E - the cursed amulet "Prescient Paranoia" (around neck) {Regen+, Elem, Alch}
   (You found it on level 13 of the Dungeon)

   [amulet of regeneration]

   Regen+:    It increases your rate of health regeneration.
   It has a curse which improves the following skills: Elements: Fire Magic, Ice
   Magic, Air Magic and Earth Magic.
   Alchemy:   Poison Magic and Transmutations.
 N - the cursed ring "Overhang to Understand" (left hand) {rF+ Str+6 Int+3 Slay+3, Dev, Elem}
   (You found it in a Gauntlet)

   [ring of strength]

   Str+6:     It affects your strength (+6).
   Int+3:     It affects your intelligence (+3).
   Slay+3:    It affects your accuracy & damage with ranged weapons and melee
   (+3).
   rF+:       It protects you from fire.
   It has a curse which improves the following skills: Devices: Evocations.
   Elements:  Fire Magic, Ice Magic, Air Magic and Earth Magic.
Wands
 b - a wand of flame (89)
 d - a wand of digging (21)
   (You found it in an ice cave)
 j - a wand of mindburst (35)
   (You took it off Jeremiah on level 8 of the Dungeon)
 w - a wand of polymorph (16)
   (You found it on level 3 of the Snake Pit)
 D - a wand of charming (55)
   (You found it on level 8 of the Dungeon)
 H - a wand of quicksilver (36)
   (You took it off Maurice on level 8 of the Dungeon)
 O - a wand of iceblast (53)
   (You found it on level 2 of the Lair of Beasts)
Scrolls
 c - a scroll of fear
 e - 10 scrolls of immolation
 h - 2 scrolls of torment
 k - 2 scrolls of silence
 m - 13 scrolls of fog
 n - 4 scrolls of amnesia
 o - 8 scrolls of vulnerability
 q - 8 scrolls of revelation
 r - 4 scrolls of enchant armour
 s - 9 scrolls of poison
 t - 9 scrolls of teleportation
 z - 2 scrolls of blinking
Miscellaneous
 v - a phantom mirror
   (You found it on level 11 of the Dungeon)
 L - a phial of floods
   (You found it in a Gauntlet)
 S - a lightning rod (4/4)
   (You found it on level 14 of the Dungeon)
 T - a tin of tremorstones (2/2)
   (You found it on level 14 of the Dungeon)


   Skills:
 + Level 19.0 Fighting
 - Level 1.0 Polearms
 - Level 9.8(14.5) Armour
 - Level 10.8(13.3) Dodging
 - Level 10.8(15.5) Shields
 - Level 19.0 Spellcasting
 - Level 20.8(23.0) Conjurations
 - Level 11.9(16.6) Summonings
 - Level 10.8(19.8) Fire Magic
 - Level 18.0(27) Air Magic
 - Level 6.4(10.0) Evocations


You had 7 spell levels left.
You knew the following spells:

 Your Spells              Type           Power      Damage    Failure   Level
a - Chain Lightning       Conj/Air       65%        3d87      9%          9
b - Airstrike             Air            67%        2d(10-26) 0%          4
c - Summon Lightning Spi  Summ/Air       100%       N/A       0%          4
d - Arcjolt               Conj/Air       65%        1d75      0%          5
e - Freezing Cloud        Conj/Ice/Air   56%        6-21      1%          5
f - Plasma Beam           Fire/Air       64%        2x1d80    1%          6
g - Spellforged Servitor  Conj/Summ      48%        N/A       1%          7
h - Conjure Ball Lightni  Conj/Air       65%        3x3d23    0%          6
i - Maxwell's Capacitive  Air            67%        ∞         1%          8
r - Blink                 Tloc           58%        N/A       3%          2

Your spell library contained the following spells:

 Spells                   Type           Power      Damage    Failure   Level
 Foxfire                  Conj/Fire      100%       2x1d9     0%          1
 Magic Dart               Conj           100%       1d8       0%          1
 Shock                    Conj/Air       100%       1d9       0%          1
 Summon Small Mammal      Summ           100%       N/A       0%          1
 Call Imp                 Summ           100%       N/A       0%          2
 Poisonous Vapours        Pois/Air       100%       N/A       0%          2
 Scorch                   Fire           100%       2d9       0%          2
 Searing Ray              Conj           100%       2d8       0%          2
 Call Canine Familiar     Summ           89%        N/A       0%          3
 Mephitic Cloud           Conj/Pois/Air  100%       N/A       0%          3
 Swiftness                Air            100%       N/A       0%          3
 Flame Wave               Conj/Fire      100%       2d21      0%          4
 Sticky Flame             Conj/Fire      100%       2d11      0%          4
 Fireball                 Conj/Fire      50%        3d20      0%          5
 Iskenderun's Battlesphe  Conj           100%       2d15      0%          5
 Freeze                   Ice            100%       1d10      1%          1
 Kiss of Death            Conj/Necr      100%       2d13      1%          1
 Necrotise                Necr           100%       1d9       1%          1
 Sandblast                Erth           70%        2d15      1%          1
 Sting                    Tmut/Pois      100%       1d8       1%          1
 Cigotuvi's Dreadful Rot  Necr/Pois/Air  100%       N/A       1%          2
 Dazzling Flash           Conj/Hex       100%       N/A       1%          3
 Hailstorm                Conj/Ice       78%        3d13      1%          3
 Ignite Poison            Fire/Tmut/Pois 61%        N/A       1%          3
 Inner Flame              Hex/Fire       72%        N/A       1%          3
 Stone Arrow              Conj/Erth      100%       3d13      1%          3
 Summon Guardian Golem    Hex/Summ       67%        N/A       1%          3
 Volatile Blastmotes      Fire/Tloc      100%       2d18      1%          3
 Animate Armour           Summ/Erth      100%       N/A       1%          4
 Brom's Barrelling Bould  Conj/Erth      78%        2d9       1%          4
 Summon Ice Beast         Ice/Summ       68%        N/A       1%          4
 Vhi's Electric Charge    Tloc/Air       100%       N/A       1%          4
 Starburst                Conj/Fire      50%        6d14      1%          6
 Summon Cactus Giant      Summ           44%        N/A       1%          6
 Orb of Destruction       Conj           51%        9d13      1%          7
 Apportation              Tloc           58%        N/A       2%          1
 Slow                     Hex            100%       N/A       2%          1
 Ensorcelled Hibernation  Hex/Ice        64%        N/A       2%          2
 Passwall                 Tmut/Erth      26%        N/A       2%          2
 Bombard                  Conj/Erth      39%        9d7       2%          6
 Summon Hydra             Summ           44%        N/A       2%          7
 Frozen Ramparts          Ice            70%        1d11      4%          3
 Vampiric Draining        Necr           63%        2d10      5%          3
 Confusing Touch          Hex            29%        N/A       6%          3
 Sigil of Binding         Hex            29%        N/A       6%          3
 Teleport Other           Tloc           29%        N/A       6%          3
 Tukima's Dance           Hex            29%        N/A       6%          3
 Leda's Liquefaction      Hex/Erth       16%        N/A       17%         4
 Petrify                  Tmut/Erth      32%        N/A       17%         4
 Animate Dead             Necr           63%        N/A       19%         4
 Dispel Undead            Necr           63%        3d22      19%         4
 Olgreb's Toxic Radiance  Pois           30%        N/A       19%         4
 Cause Fear               Hex            14%        N/A       22%         4
 Dimensional Bullseye     Hex/Tloc       14%        N/A       22%         4
 Manifold Assault         Tloc           29%        N/A       22%         4
 Passage of Golubria      Tloc           29%        N/A       22%         4
 Lee's Rapid Deconstruct  Erth           17%        3d11*     36%         5
 Borgnjor's Vile Clutch   Necr/Erth      33%        N/A       41%         5
 Metabolic Englaciation   Hex/Ice        16%        N/A       43%         5
 Yara's Violent Unravell  Hex/Tmut       14%        3d7       50%         5
 Simulacrum               Ice/Necr       33%        N/A       94%         6
 Death Channel            Necr           31%        N/A       95%         6
 Dispersal                Tloc           14%        N/A       97%         6
 Enfeeble                 Hex            14%        N/A       100%        7
 Ignition                 Fire           48%        3d14      4%          8
 Fire Storm               Conj/Fire      50%        8d13      36%         9
 Lehudib's Crystal Spear  Conj/Erth      39%        10d10     73%         8
 Dragon's Call            Summ           44%        N/A       95%         9
 Disjunction              Tloc           14%        N/A       100%        8
 Shatter                  Erth           17%        3d16*     100%        9
 Sublimation of Blood     Necr           Unusable   N/A       N/A         2
 Wereblood                Tmut           Unusable   N/A       N/A         2

Dungeon Overview and Level Annotations

Branches:
Dungeon (15/15)            Temple (1/1) D:6            Lair (5/5) D:9
  Swamp (4/4) Lair:2        Snake (4/4) Lair:2        Slime (0/5) Lair:5
    Orc (2/2) D:9             Elf (3/3) Orc:2        Vaults (5/5) D:13
  Crypt (0/3) Vaults:2     Depths (4/4) D:15            Zot (5/5) Depths:4
 Bailey (visited)           IceCv (visited)         Gauntlet (visited)

Altars:
Ashenzari
Cheibriados
Dithmenos
Fedhas
Gozag
Hepliaklqana
Makhleb
Nemelex Xobeh
Okawaru
Qazlal
Ru
Sif Muna
Trog
Uskayaw
Vehumet
Wu Jian
Xom
Yredelemnul
Jiyva

Shops:
D:1 ?   D:10 :[:   D:12 !   Orc:2 (**[(   Elf:1 !((   Elf:3 [[(   Vaults:2 (
Vaults:3 =   Vaults:4 :   Depths:3 *

Portals:
Hell: Depths:1 Depths:2 Depths:3 Depths:4
Abyss: Lair:3 Depths:1 Depths:2 Depths:3
Pandemonium: Depths:2
Ziggurat: Depths:2

Annotations:
D:4 Eustachio
D:6 exclusion: upstairs
D:7 Maggie
D:15 6 transporters
Temple 2 transporters
Lair:1 exclusion: oklob plant
Lair:3 2 transporters, Samael12321's ghost, adept TrSh
Lair:5 3 runed translucent doors, MrCrawl's ghost, journeyman DrFE
Snake:2 Roxanne
Elf:2 3 runed translucent doors
Vaults:3 2 runed translucent doors, Zgarb's ghost, adept TrSh


Innate Abilities, Weirdness & Mutations

You are immune to poison.
Your flesh is cold resistant. (rC+)
You are immune to negative energy. (rN+++)
You are immune to unholy pain and torment.
You are vulnerable to heat. (rF-)
You are strongly in touch with the powers of death.
You do not drink.
You have a special connection with the divine. (Faith)


Message History

The ufetubus attacks as it pursues you! You block the ufetubus's attack. x2
The ufetubus hits you but does no damage.
You block the ufetubus's attack. The ufetubus barely misses you.
You block the ufetubus's attack. The ufetubus attacks as it pursues you!
The ufetubus closely misses you. You block the ufetubus's attack.
The ufetubus slips past you! You block the ufetubus's attack. x2
You hit the ufetubus!
The ufetubus is electrocuted!!!
You kill the ufetubus!
The ufetubus disappears in a puff of smoke!
You block the ufetubus's attack. x2
The ynoxinul gestures.
The ufetubus closely misses you. You block the ufetubus's attack.
The Hell Sentinel gestures at you.
The sphere of damnation explodes!
The damnation engulfs the ufetubus!!
The ufetubus dies!
The ufetubus disappears in a puff of smoke!
The damnation engulfs you!
There is an escape hatch in the ceiling, spattered with blood here.
The ynoxinul gestures.
A mysterious force pulls you upwards. The hatch slams shut behind you.
What level of the Dungeon? (default 1, ? - help)
There is an open door here.
HP restored.
Rekamae comes into view.
Press: ? - help, v - describe, . - travel
Here: Rekamae The floor.
Unknown command.
Unknown command.
Casting: Plasma Beam (safe; 1% risk of failure)
Confirm with . or Enter, or press ? or * to list all spells.
You feel a surge of power!
You begin accumulating electric charge. (Press . to continue charging.)
You feel charge building up...
You feel charge building up...
You feel charge building up...
Your charge dissipates without a target.
Casting: Maxwell's Capacitive Coupling (mildly dangerous; 1% risk of failure)
Confirm with . or Enter, or press ? or * to list all spells.
You feel a surge of power!
You begin accumulating electric charge. (Press . to continue charging.)
You feel charge building up...
You feel charge building up...
You feel charge building up... Rekamae gestures at you.
The bolt of fire hits you! You resist.
The electricity discharges through Rekamae!!!!!
Rekamae vaporises in an electric haze!
You kill Rekamae!
You hear a screech!
You feel your intelligence returning.
Your Fighting skill increases to level 19!
A rust devil comes into view.
The rust devil screeches!
Casting: Maxwell's Capacitive Coupling (mildly dangerous; 1% risk of failure)
Confirm with . or Enter, or press ? or * to list all spells.
You feel a surge of power!
The bolt of lightning misses the rust devil.
The fiery plasma misses the rust devil.
Casting: Plasma Beam (safe; 1% risk of failure)
Confirm with . or Enter, or press ? or * to list all spells.
You feel a surge of power!
The bolt of lightning hits the rust devil!!
The rust devil resists.
The rust devil is severely wounded.
The fiery plasma hits the rust devil.
The rust devil completely resists.
The rust devil is severely wounded.
The rust devil attacks as it pursues you!
You block the rust devil's attack.
Casting: Plasma Beam (safe; 1% risk of failure)
Confirm with . or Enter, or press ? or * to list all spells.
You feel a surge of power!
The bolt of lightning hits the rust devil.
The rust devil resists.
The rust devil is severely wounded.
The fiery plasma hits the rust devil.
The rust devil completely resists.
The rust devil is severely wounded.
You block the rust devil's attack.
The rust devil attacks as it pursues you!
You block the rust devil's attack.
The rust devil attacks as it pursues you!
You block the rust devil's attack.
A hellion comes into view.
There is an open door here.
The hellion moves out of view.
The rust devil attacks as it pursues you!
The rust devil hits you. The rust devil corrodes you!
Casting: Plasma Beam (safe; 1% risk of failure)
Confirm with . or Enter, or press ? or * to list all spells.
You feel a surge of power!
The bolt of lightning hits the rust devil!!
The rust devil resists.
You kill the rust devil!
The bolt of lightning misses the hellion.
The fiery plasma hits the hellion!!!!
You kill the hellion!
There is a staircase leading out of the dungeon here.
Enter note: gg You have escaped!

.............###)###........#####
.........##..#8...8#..##....#
.#'##...####.##.#.##.####...#
.#.##....##..#8.#.8#..##....#
.#.##..!.....##.#.##........#####
.#.##.########8...8########.#..>.
.#..#.#8#8#8#8#...#8#8#8#8#.#....
.##...#...................#.#....
.##...'.#####...@...#####.'......
.##.#.#...................#.#.###
.##.#.#8#8#8#8#...#8#8#8#8#.#.###
.##.#.########8...8########.#....
.##{#2.......##.#.##........#####
###.#....##..#8.#.8#..##....#
###.#...####.##.#.##.####...#
.##.#....##..#8...8#..##....#
.##.#........###'###........#


There were no monsters in sight!

Vanquished Creatures
  7 orbs of fire
  A dread lich (Zot:5)
  3 ancient liches
  A juggernaut (Depths:3)
  A pandemonium lord (D:1)
  4 Killer Klowns
  Sojobo (Vaults:5)
  Saint Roka (Vaults:5)
  Xtahua (Vaults:5)
  3 curse toes
  A caustic shrike (Depths:3)
  11 golden dragons
  2 bone dragons
  3 electric golems
  A Tzitzimitl (D:2)
  An Ice Fiend (IceCv)
  A lich (Depths:3)
  27 Orb Guardians
  A deep elf blademaster (Elf:3)
  A walking divine tome (Depths:3)
  21 tentacled monstrosities
  2 titans (Vaults:5)
  Jorgrun (Swamp:3)
  3 quicksilver dragons
  A deep elf master archer (Elf:3)
  2 ancient champions
  4 sphinxes
  6 death cobs
  Aizul (Swamp:2)
  19 storm dragons
  8 draconian monks
  A thorn hunter (Swamp:1)
  12 shadow dragons
  12 tengu reavers
  7 frost giants
  7 nagarajas (Snake:4)
  10 vault wardens
  4 draconian knights
  11 fire giants
  4 deep elf sorcerers
  A balrug (D:14)
  4 ghost moths
  An iron dragon (Vaults:5)
  7 draconian scorchers
  7 deep elf elementalists (Elf:3)
  16 ironbound preservers
  A juggernaut zombie (Depths:3)
  3 draconian stormcallers
  4 draconian shifters
  17 very ugly things
  Louise (D:15)
  An orc warlord (Orc:2)
  4 war gargoyles
  A formless jellyfish (Vaults:4)
  9 vampire knights
  3 spriggan defenders
  13 stone giants
  A reaper (D:7)
  7 draconian annihilators
  Nessos (D:14)
  9 black draconians
  11 ironbound thunderhulks
  A spark wasp (Depths:3)
  5 dire elephants
  15 green draconians
  A bunyip (Swamp:3)
  6 deep elf annihilators
  16 white draconians
  15 purple draconians
  8 red draconians
  A minotaur (Gauntlet)
  5 yellow draconians
  3 deep elf demonologists (Elf:3)
  2 blizzard demons
  2 fire dragons (Depths:2)
  2 crystal guardians
  9 ettins
  8 deep elf death magi
  2 jiangshi (Depths:1)
  7 deep elf high priests
  12 yaktaur captains
  2 entropy weavers
  34 vault guards
  4 great orbs of eyes
  6 ice dragons
  4 ironbound frosthearts
  A sphinx zombie (Depths:3)
  A rakshasa (Depths:2)
  A hell beast (Depths:2)
  7 alligators
  2 peacekeepers
  2 ghost crabs
  3 ogre magi
  3 salamander tyrants (Snake:4)
  10 anacondas
  8 two-headed ogres
  6 boulder beetles
  9 centaur warriors
  2 spriggan air magi
  21 hydras
  5 deep troll shamans
  3 death knights (D:14)
  5 tengu warriors
  4 vampire magi
  A death yak (Lair:5)
  18 dancing weapons
  3 orc high priests (Orc:2)
  A death scarab (Depths:1)
  12 naga warriors
  7 hell knights
  3 deep troll earth magi
  A hell hog (Depths:2)
  A shock serpent (shapeshifter) (Vaults:5)
  4 shock serpents
  8 naga sharpshooters
  4 spriggan berserkers
  17 deep elf knights
  3 iron trolls
  3 occultists
  8 salamander mystics
  2 soul eaters (Depths:1)
  A sixfirhy (Gauntlet)
  5 skeletal warriors
  5 goliath frogs (Swamp:1)
  4 glowing orange brains
  A flayed ghost (Depths:1)
  A quicksilver dragon simulacrum (Depths:2)
  5 spriggan druids
  47 deep trolls
  A shadow demon (D:7)
  An obsidian statue (IceCv)
  12 swamp dragons
  2 orange crystal statues
  17 naga ritualists
  2 bog bodies (Swamp:1)
  4 spriggan simulacra (IceCv)
  13 deep elf archers
  7 arcanists
  15 ironbound convokers
  6 phantasmal warriors
  9 orc knights
  3 necromancers
  28 deep elf zephyrmancers
  23 mana vipers
  4 will-o-the-wisps
  A wolf spider (D:14)
  34 deep elf pyromancers
  5 orc sorcerers (Orc:2)
  3 oklob plants (Lair:5)
  14 cyclopes
  A fire giant zombie (Depths:3)
  22 ugly things
  A manticore (D:14)
  23 moths of wrath
  A moth of wrath (shapeshifter) (Vaults:5)
  An elephant (shapeshifter) (Elf:2)
  17 salamanders
  A cyclops (shapeshifter) (Depths:3)
  42 black mambas
  A rust devil (D:1)
  20 elephants
  12 naga magi
  4 large abominations (Depths:1)
  2 kobold blastminers (Orc:2)
  7 guardian serpents
  A black mamba (shapeshifter) (D:8)
  A titan simulacrum (Depths:3)
  A water nymph (shapeshifter) (Elf:2)
  12 cane toads
  21 vault sentinels
  A hellion (D:1)
  Psyche (D:9)
  4 freezing wraiths
  4 unseen horrors
  2 efreet
  7 ice devils (IceCv)
  8 komodo dragons
  A tormentor (Depths:2)
  5 tengu conjurers
  An anaconda simulacrum (IceCv)
  A red devil (D:7)
  7 yaktaurs
  6 trolls
  7 polar bears
  15 hornets
  An alligator simulacrum (IceCv)
  A bloated husk (Swamp:2)
  9 tyrant leeches
  A wolf spider simulacrum (D:14)
  A glass eye (Depths:3)
  25 blink frogs
  A blink frog (shapeshifter) (D:14)
  A dream sheep (Lair:5)
  39 slime creatures
  A jumping spider (Vaults:3)
  A culicivora (Vaults:2)
  27 spriggans
  2 shadows (D:10)
  A centaur simulacrum (D:14)
  2 wraiths
  5 air elementals
  4 wyverns
  9 water elementals
  2 yaks (shapeshifter)
  9 humans (D:13)
  4 fire bats (Depths:3)
  23 yaks
  6 basilisks
  4 fire elementals
  2 hogs (D:9)
  Grum (D:8)
  A basilisk (shapeshifter) (D:14)
  5 steam dragons
  3 vampire mosquitoes
  5 chaos spawn (Depths:1)
  2 redbacks (Vaults:1)
  4 minotaur simulacra (IceCv)
  3 wargs
  A glowing shapeshifter zombie (Depths:1)
  3 small abominations (Depths:1)
  12 swamp worms
  An acid dragon (D:8)
  38 nagas
  10 water moccasins
  A sky beast (D:6)
  4 ice beasts
  4 black bears
  37 orc warriors
  2 meliai simulacra (D:14)
  8 swamp drakes
  2 ettin simulacra (IceCv)
  9 ogres
  34 wolves
  14 boggarts
  11 centaurs
  3 kobold brigands
  3 nameless horrors
  13 bullfrogs
  4 deep troll simulacra (IceCv)
  2 scorpions
  11 wights
  A lindwurm simulacrum (IceCv)
  6 killer bees
  A vampire bat (Lair:4)
  12 howler monkeys
  A hound (D:4)
  A gnoll bouda (D:5)
  12 orc priests
  6 jellies
  3 iguanas
  Terence (D:3)
  26 orc wizards
  12 gnolls
  9 adders
  4 white imps
  7 ufetubi
  A dart slug (D:4)
  67 orcs
  9 ball pythons
  10 bats
  7 endoplasms
  3 giant cockroaches
  9 hobgoblins
  3 jackals (D:1)
  23 kobolds
  2 quokkas (D:1)
  3 frilled lizards
  18 goblins
  6 rats
1918 creatures vanquished.

Vanquished Creatures (collateral kills)
  the Lernaean hydra (Swamp:4)
  Jory (Depths:3)
  A tentacled monstrosity (Swamp:2)
  A titan (Vaults:5)
  2 sphinxes
  2 shadow dragons (Vaults:5)
  Kirke (Swamp:4)
  2 tengu reavers (Vaults:5)
  A storm dragon (Vaults:5)
  Agnes (Snake:2)
  2 vault wardens (Vaults:5)
  A frost giant (Depths:3)
  4 ironbound preservers
  An orc warlord (Vaults:4)
  A very ugly thing (Depths:4)
  An eleionoma (Swamp:4)
  2 bunyips (Swamp:3)
  A deep elf annihilator (Vaults:4)
  2 ettins (Vaults:5)
  A fire dragon (Depths:3)
  5 yaktaur captains
  A great orb of eyes (Vaults:3)
  4 hydras
  4 anacondas (Snake:2)
  4 centaur warriors (Vaults:3)
  2 ironbound frosthearts
  6 death yaks
  A two-headed ogre (D:10)
  2 naga sharpshooters (Snake:2)
  A shock serpent (Snake:2)
  3 spriggan druids
  A naga ritualist (Snake:2)
  8 deep trolls
  3 spriggan simulacra (IceCv)
  3 goliath frogs
  2 bog bodies
  4 orc knights (Vaults:4)
  A swamp dragon (Swamp:4)
  An arcanist (Vaults:4)
  2 ironbound convokers
  4 phantasmal warriors (Vaults:5)
  2 deep elf pyromancers (Elf:2)
  A necromancer (Vaults:4)
  2 salamanders (Snake:2)
  2 ugly things
  A fire giant zombie (Vaults:4)
  4 will-o-the-wisps
  An elephant (Lair:1)
  A naga mage (Snake:2)
  5 black mambas
  An apocalypse crab (Gauntlet)
  7 vault sentinels
  Maurice (D:8)
  Jeremiah (D:8)
  6 ice devils (IceCv)
  10 yaktaurs
  2 freezing wraiths (IceCv)
  2 anaconda simulacra (IceCv)
  A troll (D:9)
  A human skeleton (Vaults:4)
  A bloated husk (Swamp:2)
  2 hornets (Swamp:3)
  2 tyrant leeches (Swamp:3)
  2 alligator simulacra (IceCv)
  An elf skeleton (Vaults:4)
  4 spriggans
  A slime creature (shapeshifter) (Vaults:5)
  A human (D:9)
  8 yaks
  7 hogs
  A minotaur simulacrum (IceCv)
  A yaktaur simulacrum (Vaults:4)
  5 nagas (Snake:2)
  4 swamp worms
  A water moccasin (Lair:1)
  4 orc warriors
  6 swamp drakes (Swamp:4)
  A black bear (Lair:1)
  3 wolves
  A centaur (D:9)
  3 kobold brigands (D:9)
  A gnoll sergeant (D:9)
  3 bullfrogs
  5 deep troll simulacra (IceCv)
  7 wights (D:9)
  A human simulacrum (Vaults:4)
  2 killer bees (D:9)
  A gnoll bouda (D:6)
  An orc wizard (D:7)
  A mummy (D:6)
  2 gnolls (D:6)
  An orc (D:9)
  A kobold (D:9)
  9 ball lightnings
236 creatures vanquished.

Vanquished Creatures (others)
  A deep elf high priest (Elf:3)
  A dancing weapon (Elf:2)
  A deep elf zephyrmancer (Elf:2)
  An ugly thing (Swamp:4)
  A swamp drake (Swamp:4)
  92 ball lightnings
  16 foxfires
113 creatures vanquished.

Grand Total: 2267 creatures vanquished

Notes
Turn   | Place    | Note
-------+----------+-------------------------------------------
     0 | D:1      | Flugkiller the Mummy Wanderer began the quest for the Orb.
     0 | D:1      | Flugkiller set off with the following items: a +0 spear, a
                  | wand of flame (6), a scroll of silence, a +0 leather
                  | armour; and the following spell memorised: Shock; and the
                  | following spells available to memorise: Airstrike, Summon
                  | Lightning Spire.
     0 | D:1      | Reached XP level 1. HP: 13/13 MP: 4/4
    65 | D:1      | Reached skill level 1 in Fighting
   250 | D:1      | Reached XP level 2. HP: 21/21 MP: 0/6
  1090 | D:1      | Found Laciruu's Magic Scroll Boutique.
  1094 | D:1      | Reached XP level 3. HP: 28/28 MP: 5/7
  1097 | D:1      | Bought a scroll of fear for 52 gold pieces
  1754 | D:1      | Bought a scroll of identify for 26 gold pieces
  1815 | D:2      | Identified the +8 plate armour "Sosocw" {*Slow rElec Regen+
                  | Stlth+}
  2389 | D:3      | Found a faded altar of an unknown god.
  2406 | D:3      | Reached XP level 4. HP: 35/35 MP: 8/8
  2791 | D:3      | Noticed Terence
  2816 | D:3      | Killed Terence
  3462 | D:1      | Bought a scroll of identify for 26 gold pieces
  3462 | D:1      | Bought a scroll of teleportation for 39 gold pieces
  3561 | D:4      | Reached XP level 5. HP: 35/42 MP: 9/9
  3595 | D:4      | Noticed a steam dragon
  3612 | D:4      | Killed a steam dragon
  3613 | D:4      | Reached XP level 6. HP: 49/49 MP: 10/10
  3811 | D:4      | Reached skill level 5 in Fighting
  3911 | D:4      | Learned a level 4 spell: Airstrike
  3916 | D:4      | Learned a level 4 spell: Summon Lightning Spire
  4057 | D:4      | Noticed Eustachio
  4134 | D:3      | Reached XP level 7. HP: 54/56 MP: 13/13
  4387 | D:3      | Reached skill level 5 in Spellcasting
  4589 | D:5      | Entered Level 5 of the Dungeon
  4875 | D:5      | Reached skill level 5 in Air Magic
  4988 | D:5      | Reached XP level 8. HP: 60/62 MP: 15/15
  6457 | D:6      | Reached skill level 1 in Summonings
  6731 | D:6      | Found a staircase to the Ecumenical Temple.
  6795 | Temple   | Found a transporter.
  6795 | Temple   | Found a transporter.
  6795 | Temple   | Found a transporter.
  6795 | Temple   | Found a transporter.
  6795 | Temple   | Entered the Ecumenical Temple
  6812 | Temple   | Became a worshipper of Ashenzari the Shackled
  6933 | D:6      | Found a snail-covered altar of Cheibriados.
  6941 | D:6      | Reached XP level 9. HP: 68/68 MP: 12/17
  7222 | D:7      | Noticed Maggie
  7385 | D:7      | Found an opulent altar of Gozag.
  7422 | D:7      | Found a flagged portal.
  7468 | Bailey   | Entered a bailey
  7717 | Bailey   | Identified the +8 hand axe "Aclok" {flame, Will++}
  9473 | D:8      | Reached skill level 5 in Armour
  9516 | D:8      | Reached * piety under Ashenzari
  9516 | D:8      | Identified a scroll of acquirement
  9718 | D:8      | Acquired a +2 pair of gloves of hurling
  9796 | D:8      | Noticed Maurice
  9913 | D:8      | Noticed Jeremiah
  9928 | D:8      | Killed Jeremiah
 10056 | D:8      | Found a radiant altar of Vehumet.
 10101 | D:8      | Reached XP level 10. HP: 56/74 MP: 16/21
 10102 | D:8      | Noticed Grum
 10116 | D:8      | Killed Grum
 10596 | D:8      | Killed Maurice
 10989 | D:9      | Noticed Psyche
 10990 | D:9      | Noticed a death yak
 10990 | D:9      | Noticed a death yak
 10992 | D:9      | Killed Psyche
 11006 | D:9      | Noticed a black mamba
 11133 | D:9      | Noticed a death yak
 11133 | D:9      | Noticed a death yak
 11133 | D:9      | Noticed a death yak
 11133 | D:9      | Noticed a death yak
 11148 | D:8      | Killed a death yak
 11665 | D:8      | Found a radiant altar of Vehumet.
 11667 | D:8      | Killed a death yak
 11668 | D:8      | Reached skill level 10 in Air Magic
 12112 | D:8      | Killed a black mamba
 12722 | D:8      | Killed a death yak
 12723 | D:8      | Reached skill level 10 in Spellcasting
 12723 | D:8      | Reached XP level 11. HP: 79/79 MP: 15/25
 12851 | D:8      | Killed a death yak
 12852 | D:8      | Reached ** piety under Ashenzari
 13175 | D:9      | Found a staircase to the Lair.
 13238 | D:9      | Reached skill level 1 in Conjurations
 13543 | D:9      | Found a staircase to the Orcish Mines.
 13742 | D:9      | Reached skill level 2 in Conjurations
 13917 | D:9      | Reached skill level 3 in Conjurations
 14076 | D:9      | Killed a death yak
 14083 | D:9      | Killed a death yak
 14175 | D:10     | Entered Level 10 of the Dungeon
 14176 | D:10     | Noticed a two-headed ogre
 14190 | D:10     | Killed a two-headed ogre
 14191 | D:10     | Reached skill level 4 in Conjurations
 14554 | D:10     | Noticed a centaur warrior
 14560 | D:10     | Killed a centaur warrior
 14687 | D:10     | Learned a level 5 spell: Arcjolt
 14693 | D:10     | Learned a level 5 spell: Freezing Cloud
 14700 | D:10     | Learned a level 6 spell: Plasma Beam
 14930 | D:10     | Found Ipsinyitt's Book Boutique.
 15177 | D:10     | Found Osuxig's Armour Boutique.
 15179 | D:10     | Found Eblithroa's Book Boutique.
 15185 | D:10     | Bought a +0 buckler of protection for 172 gold pieces
 15212 | D:10     | Found a hide-covered altar of Uskayaw.
 15358 | D:10     | Reached skill level 1 in Fire Magic
 15651 | D:10     | Identified the granite talisman of Optet {rC+}
 15963 | D:10     | Reached XP level 12. HP: 48/86 MP: 13/26
 16679 | D:10     | Reached *** piety under Ashenzari
 17243 | D:11     | Identified the +5 ring mail "Xaxzosu" {rF++}
 17959 | Lair:1   | Entered Level 1 of the Lair of Beasts
 18105 | Lair:1   | Reached skill level 5 in Fire Magic
 18859 | Lair:1   | Reached **** piety under Ashenzari
 19080 | Lair:2   | Found a gate leading to a gauntlet.
 19092 | Gauntlet | Entered a Gauntlet
 19092 | Gauntlet | Found a transporter.
 19092 | Gauntlet | Found a transporter.
 19097 | Gauntlet | Found a transporter.
 19114 | Gauntlet | Found a transporter.
 19130 | Gauntlet | Found a transporter.
 19131 | Gauntlet | Identified the ring of Yxtiheho {rF+ Str+6 Int+3 Slay+3}
 19143 | Gauntlet | Found a transporter.
 19159 | Gauntlet | Found a transporter.
 19224 | Gauntlet | Noticed a tengu warrior
 19225 | Gauntlet | Found a transporter.
 19240 | Gauntlet | Found a transporter.
 19254 | Gauntlet | Found a transporter.
 19254 | Gauntlet | Identified the Codex of Energy
 19267 | Gauntlet | Found a transporter.
 19270 | Gauntlet | Found a transporter.
 19289 | Gauntlet | Noticed a dire elephant
 19351 | Gauntlet | Found a transporter.
 19355 | Gauntlet | Found a transporter.
 19365 | Gauntlet | Found a transporter.
 19370 | Gauntlet | Found the +3 robe of Clouds {*Thunder rCloud rElec}
 19371 | Gauntlet | Found a transporter.
 19768 | Gauntlet | Noticed a minotaur
 19770 | Gauntlet | Killed a minotaur
 19771 | Gauntlet | Identified the Lectures on Transposition
 19828 | Lair:2   | Gained mutation: You are strongly in touch with the powers
                  | of death. [Mummy growth]
 19828 | Lair:2   | Reached XP level 13. HP: 94/94 MP: 24/29
 20390 | Lair:2   | Found a staircase to the Snake Pit.
 20916 | Lair:2   | Found a staircase to the Swamp.
 21053 | Lair:2   | Reached skill level 10 in Fire Magic
 21356 | Lair:3   | Identified the +5 chain mail of Okawaru's Fury {Dex+3}
 22012 | Lair:3   | Found a transporter.
 22473 | Lair:3   | Noticed Samael12321's ghost (adept TrSh)
 22908 | Lair:3   | Found a one-way gate to the infinite horrors of the Abyss.
 22910 | Lair:3   | Found a transporter.
 23770 | D:10     | Bought the Vellum of the Limned Cwm for 782 gold pieces
 23778 | D:10     | Learned a level 7 spell: Spellforged Servitor
 24120 | Lair:4   | Reached skill level 5 in Conjurations
 24631 | Lair:4   | Identified the +8 battleaxe "Itauh" {freeze, rElec rF- rN+}
 24855 | Lair:5   | Entered Level 5 of the Lair of Beasts
 25326 | Lair:5   | Reached XP level 14. HP: 93/105 MP: 1/30
 25452 | Lair:5   | Found a viscous altar of Jiyva.
 25570 | Lair:5   | Found a staircase to the Slime Pits.
 25745 | Lair:5   | Reached skill level 5 in Summonings
 26046 | Lair:5   | Reached skill level 6 in Conjurations
 26263 | Lair:5   | Found a runed translucent gate.
 26263 | Lair:5   | Found a runed translucent gate.
 26270 | Lair:5   | Found a runed translucent gate.
 26312 | Lair:5   | Noticed MrCrawl's ghost (journeyman DrFE)
 27278 | Lair:5   | Reached skill level 7 in Conjurations
 28416 | Lair:5   | Identified the ring of Meonutr Zaxu {Fire Dex+5}
 28624 | D:12     | Found Baihecs's Distillery.
 29396 | D:13     | Reached skill level 8 in Conjurations
 29404 | D:13     | Identified the +1 hat "Haefeig" {rCorr Dex+3}
 29982 | D:13     | Found an ornate altar of the Wu Jian Council.
 30311 | D:13     | Found a gate to the Vaults.
 30313 | D:13     | Identified the +0 plate armour of the Albatross {Will+}
 30453 | D:14     | Noticed Nessos
 30981 | D:14     | Killed Nessos
 31288 | D:14     | Reached XP level 15. HP: 110/110 MP: 10/32
 31518 | D:14     | Reached skill level 9 in Conjurations
 31778 | D:14     | Identified the staff of the Hero {Drain rElec Str+9 Air}
 31965 | D:14     | Identified the +5 orcbow "Spiderbane" {elec, Dex+3}
 32058 | D:14     | Identified the +6 lajatang of Purpose {freeze, Will++ Str+3
                  | Int-4}
 32807 | D:14     | Identified the +2 robe "Waimnaca" {Regen+ Archmagi}
 32982 | D:14     | Reached skill level 10 in Conjurations
 33590 | D:14     | Reached skill level 10 in Summonings
 33959 | D:15     | Entered Level 15 of the Dungeon
 34276 | D:15     | Found a transporter.
 34278 | D:15     | Found a transporter.
 34281 | D:15     | Found a transporter.
 34285 | D:15     | Found a transporter.
 34402 | D:15     | Noticed Louise
 34404 | D:15     | Killed Louise
 34709 | D:15     | Found a staircase to the Depths.
 34759 | D:15     | Found a transporter.
 34765 | D:15     | Found a transporter.
 35126 | Orc:1    | Entered Level 1 of the Orcish Mines
 35454 | Orc:1    | Found a shimmering blue altar of Sif Muna.
 35660 | Orc:2    | Entered Level 2 of the Orcish Mines
 35664 | Orc:2    | Found Giulifyili's Antique Weapon Shop.
 36089 | Orc:2    | Reached skill level 11 in Conjurations
 36490 | Orc:2    | Found Ylesemec's Antique Armour Boutique.
 36495 | Orc:2    | Found Seang's Assorted Antiques.
 36503 | Orc:2    | Bought a faintly glowing leather armour for 196 gold pieces
 36503 | Orc:2    | Identified the +2 leather armour "Wachesm" {Str+2 Slay+5}
                  | (You bought it in a shop on level 2 of the Orcish Mines)
 36506 | Orc:2    | Found Qanit's Antique Weapon Emporium.
 36508 | Orc:2    | Found Birant's Assorted Antiques.
 36629 | Orc:2    | Found a staircase to the Elven Halls.
 36904 | Orc:2    | Reached XP level 16. HP: 115/117 MP: 5/33
 37707 | Snake:1  | Entered Level 1 of the Snake Pit
 38547 | Snake:1  | Reached ***** piety under Ashenzari
 39363 | Snake:2  | Reached skill level 12 in Conjurations
 39563 | Snake:2  | Noticed Agnes
 39570 | Snake:2  | Killed Agnes
 40355 | Snake:2  | Noticed Roxanne
 40606 | Snake:2  | Identified the Incunable of Wounds
 41927 | Snake:3  | Reached skill level 1 in Shields
 43077 | Snake:3  | Reached XP level 17. HP: 126/126 MP: 14/36
 43515 | Snake:4  | Entered Level 4 of the Snake Pit
 45030 | Snake:4  | Reached skill level 5 in Dodging
 46038 | Snake:4  | Reached skill level 10 in Fighting
 46880 | Snake:4  | Got a serpentine rune of Zot
 46995 | Snake:4  | Identified the +9 trident "Xoykhywu" {freeze, rPois Dex+4}
 47178 | Swamp:1  | Entered Level 1 of the Swamp
 48132 | Swamp:1  | Reached XP level 18. HP: 146/146 MP: 15/37
 48238 | Swamp:1  | Identified the +2 chain mail "Lupinej" {Dex+3}
 48643 | Swamp:2  | Reached ****** piety under Ashenzari
 48772 | Swamp:2  | Identified the serpent talisman of the Lizard {Str+5 Dex+4}
 48772 | Swamp:2  | Noticed Aizul
 48776 | Swamp:2  | Killed Aizul
 49051 | Swamp:2  | Noticed a tentacled monstrosity
 49070 | Swamp:2  | Killed a tentacled monstrosity
 50088 | Swamp:3  | Noticed Jorgrun
 50090 | Swamp:3  | Killed Jorgrun
 50738 | Swamp:4  | Entered Level 4 of the Swamp
 50762 | Swamp:4  | Reached skill level 5 in Shields
 50790 | Swamp:4  | Noticed Kirke
 50805 | Swamp:4  | Killed Kirke
 50830 | Swamp:4  | Found a frozen archway.
 50840 | IceCv    | Entered an ice cave
 51651 | IceCv    | Noticed an Ice Fiend
 51654 | IceCv    | Killed an Ice Fiend
 52565 | IceCv    | Identified the ring "Siecohuv" {+Blink rElec AC+4 Str+6
                  | Dex-3}
 52726 | Swamp:4  | Noticed the 27-headed Lernaean hydra
 53043 | Swamp:4  | Learned a level 6 spell: Conjure Ball Lightning
 53851 | Swamp:4  | Killed the 27-headed Lernaean hydra
 53852 | Swamp:4  | Reached XP level 19. HP: 157/157 MP: 2/38
 54128 | Swamp:4  | Got a decaying rune of Zot
 54716 | Elf:1    | Entered Level 1 of the Elven Halls
 54965 | Elf:1    | Paralysed by an air elemental for 1 turns
 55127 | Elf:1    | Reached skill level 13 in Conjurations
 55387 | Elf:1    | Found Pyovailoh's Weapon Shop.
 56327 | Elf:1    | Identified the +1 robe "Ocaob" {Harm rF++ Int-4 SInv}
 56339 | Elf:1    | Paralysed by an air elemental for 1 turns
 56379 | Elf:1    | Found a radiant altar of Vehumet.
 56426 | Elf:1    | Identified the Directory of Displaced Bombardment
 56440 | Elf:1    | Found Jiysual's Firing Range.
 56527 | Elf:1    | Found Ukotsim's Distillery.
 56549 | Elf:1    | Paralysed by an air elemental for 1 turns
 56736 | Elf:1    | Identified Sif Muna's Omnibus of Attendants
 57396 | Elf:2    | Found a flickering gateway to a bazaar.
 57408 | Bazaar   | Entered a bazaar
 57429 | Bazaar   | Found Yntut's Magic Scroll Shop.
 57437 | Bazaar   | Bought a scroll of fear for 52 gold pieces
 57437 | Bazaar   | Bought a scroll of blinking for 97 gold pieces
 57437 | Bazaar   | Bought a scroll of enchant armour for 97 gold pieces
 57460 | Bazaar   | Found Bocuk's Jewellery Emporium.
 57474 | Bazaar   | Found Viunet's Jewellery Boutique.
 57534 | Bazaar   | Found Asagumid's Assorted Antiques.
 57539 | Bazaar   | Bought a scroll of fear for 76 gold pieces
 57600 | Bazaar   | Bought a scroll of teleportation for 39 gold pieces
 57600 | Bazaar   | Bought 3 scrolls of revelation for 292 gold pieces
 58305 | Elf:2    | Found a runed translucent gate.
 58305 | Elf:2    | Found a runed translucent gate.
 58305 | Elf:2    | Found a runed translucent gate.
 58388 | Elf:3    | Entered Level 3 of the Elven Halls
 59509 | Elf:3    | Found Edyammynt's Armour Shop.
 59529 | Elf:3    | Found Vemah's Armour Shop.
 60444 | Elf:3    | Identified the +5 hand axe "Paejurph" {drain, rElec rPois
                  | rC+++ Int-4}
 60584 | Elf:3    | Identified the +6 war axe of Kinuogoe {chaos, rElec Str+6}
 61164 | Elf:3    | Found Amemios's Antique Weapon Shoppe.
 61242 | Elf:3    | Identified the +7 chain mail "Ruemism" {rF++ Dex+2 Slay-3}
 61453 | Elf:3    | Reached XP level 20. HP: 162/164 MP: 10/40
 61611 | Elf:3    | Reached skill level 10 in Shields
 62464 | Elf:3    | Identified Lehudib's Treatise on Heavy Assaults
 62467 | Elf:3    | Identified the +0 helmet of the Ecumenical Temple {Dex+2
                  | Slay+3}
 62471 | Elf:3    | Identified the +2 helmet "Zarghag" {rC+}
 62474 | Elf:3    | Identified the beast talisman "Jauzusis" {Str+3}
 62490 | Elf:3    | Identified the staff of Offence {rPois SInv Poison}
 62620 | Elf:3    | Identified the +5 glaive "Goizxoz" {heavy, *Slow Fly SInv}
 62867 | Vaults:1 | Entered Level 1 of the Vaults
 63060 | D:10     | Bought a book of Spectacle for 576 gold pieces
 63069 | D:10     | Learned a level 8 spell: Maxwell's Capacitive Coupling
 64871 | Vaults:1 | Identified the +0 ring mail of the Leaping Gods {Str+3}
 66733 | Vaults:2 | Found a staircase to the Crypt.
 67813 | Vaults:2 | Found Foseg's Weapon Boutique.
 68123 | Vaults:3 | Reached skill level 15 in Air Magic
 68125 | Vaults:3 | Reached XP level 21. HP: 171/171 MP: 29/41
 68638 | Vaults:3 | Found Vuajer's Jewellery Emporium.
 69404 | Vaults:3 | Found a large runed translucent door.
 69404 | Vaults:3 | Found a large runed translucent door.
 69405 | Vaults:3 | Noticed Zgarb's ghost (adept TrSh)
 69481 | Vaults:3 | Reached skill level 15 in Spellcasting
 70760 | Vaults:4 | Found Ferionli's Book Shoppe.
 70768 | Vaults:4 | Bought a book of Annihilations for 960 gold pieces
 71454 | Vaults:5 | Entered Level 5 of the Vaults
 71463 | Vaults:5 | Noticed a golden dragon
 71473 | Vaults:5 | Noticed Sojobo
 71929 | Vaults:5 | Identified the +7 broad axe of the Present {pain, Fly rElec
                  | Str+8 Int-5}
 71990 | Vaults:5 | Reached skill level 10 in Dodging
 71994 | Vaults:5 | Identified the +2 dire flail of Zin's Envy {spect, rPois
                  | rN+ MP+9 Str+3}
 71995 | Vaults:5 | Killed Sojobo
 71996 | Vaults:5 | Reached skill level 15 in Fighting
 72217 | Vaults:5 | Reached XP level 22. HP: 181/181 MP: 19/44
 72713 | Vaults:5 | Killed a golden dragon
 72973 | Vaults:5 | Noticed an ancient lich
 72978 | Vaults:5 | Killed an ancient lich
 73025 | Vaults:5 | Noticed a golden dragon
 73030 | Vaults:5 | Killed a golden dragon
 74193 | Vaults:5 | Identified the +3 quarterstaff "Oweese" {freeze, Dex+2}
 74206 | Vaults:5 | Got a silver rune of Zot
 74599 | Vaults:5 | Noticed Saint Roka
 74611 | Vaults:5 | Killed Saint Roka
 74742 | Vaults:5 | Noticed Xtahua
 74746 | Vaults:5 | Killed Xtahua
 74873 | Vaults:5 | Identified the +1 scale mail of Resourcefulness {rF+ rC+
                  | Str+2}
 74874 | Vaults:5 | Identified the Disquisition on the Mountains
 75536 | Vaults:5 | Identified the staff of Veezysche {rPois rF+ rN+ Int-5
                  | Necro}
 75946 | Depths:1 | Entered Level 1 of the Depths
 76425 | Depths:1 | Reached skill level 14 in Conjurations
 77101 | Depths:1 | Noticed an ancient lich
 77106 | Depths:1 | Killed an ancient lich
 77256 | Depths:1 | Reached XP level 23. HP: 196/196 MP: 4/45
 77461 | Depths:1 | Reached skill level 15 in Conjurations
 77603 | Depths:1 | Identified the Octavo of Oozing Pus
 78118 | Depths:1 | Found a gateway to Hell.
 79110 | Depths:2 | Found a one-way gate leading to the halls of Pandemonium.
 79151 | Depths:2 | Reached skill level 16 in Conjurations
 79799 | Depths:2 | Found a one-way gateway to a ziggurat.
 80300 | Depths:3 | Found a portal to a secret trove of treasure.
 80632 | Elf:1    | Bought the +7 demon blade of Tumult {pain, Fly Str+2} for
                  | 1115 gold pieces
 80913 | Depths:3 | You paid a toll of a +7 demon blade to enter a treasure
                  | trove
 80914 | Trove    | Entered a treasure trove
 80916 | Trove    | Identified the +0 pair of gloves of the Saviour {Harm}
 80916 | Trove    | Identified the +2 cloak of Evolution {rC- rN+++ Str+3
                  | Slay+3}
 80916 | Trove    | Identified the +0 pair of boots "Ogyidwi" {rCorr Str+3
                  | Slay+3}
 80916 | Trove    | Identified the +2 leather armour of the King of the Hill
                  | {Fly Int-3 Dex+2}
 80917 | Trove    | Found the +3 Mad Mage's Maulers {Infuse+∞ VampMP -Cast}
 80917 | Trove    | Identified the scarf "Nacunol" {harm, rPois Will+ rCorr
                  | Str+3}
 80917 | Trove    | Identified the +2 robe of Zaroi {Will+}
 81186 | Depths:3 | Noticed a juggernaut
 81190 | Depths:3 | Killed a juggernaut
 81340 | Depths:3 | Reached skill level 17 in Conjurations
 81470 | Depths:3 | Found Zegix's General Store.
 81492 | Depths:3 | Found the +7 hand cannon "Mule" {flame, backblast, rF+}
 81765 | Depths:3 | Reached skill level 5 in Evocations
 81804 | Depths:3 | Found a hazy altar of Hepliaklqana.
 82195 | Depths:3 | Noticed Jory
 82209 | Depths:3 | Killed Jory
 82418 | Depths:3 | Learned a level 9 spell: Chain Lightning
 82431 | Depths:3 | Noticed a caustic shrike
 82439 | Depths:3 | Killed a caustic shrike
 82675 | Depths:3 | Identified the +9 quarterstaff of the Gloaming {freeze, rF+
                  | rC- rCorr SInv}
 82966 | Depths:4 | Entered Level 4 of the Depths
 83975 | Depths:4 | Found a sacrificial altar of Ru.
 84447 | Depths:4 | Reached XP level 24. HP: 197/197 MP: 34/43
 84799 | Depths:4 | Reached skill level 18 in Conjurations
 84822 | Depths:4 | Found a gate to the Realm of Zot.
 84927 | Zot:1    | Entered Level 1 of the Realm of Zot
 85276 | Depths:4 | Found a sacrificial altar of Ru.
 86100 | Zot:1    | Noticed an orb of fire
 86101 | Zot:1    | Noticed an orb of fire
 86408 | Depths:4 | Killed an orb of fire
 86739 | Depths:4 | Found a sacrificial altar of Ru.
 86930 | Depths:4 | Killed an orb of fire
 87040 | Depths:4 | Found a gate to the Realm of Zot.
 87519 | Depths:4 | Found a sacrificial altar of Ru.
 88115 | Depths:4 | Found a gate to the Realm of Zot.
 89182 | Zot:2    | Found a hide-covered altar of Uskayaw.
 89538 | Zot:2    | Reached skill level 19 in Conjurations
 92263 | Zot:4    | Noticed a Killer Klown
 92265 | Zot:4    | Killed a Killer Klown
 93617 | Zot:3    | Reached XP level 25. HP: 204/204 MP: 30/44
 95022 | Zot:5    | Entered Level 5 of the Realm of Zot
 95205 | Zot:5    | Acquired 546 gold pieces
 95769 | Zot:5    | Reached skill level 20 in Conjurations
 95913 | Zot:5    | Noticed an orb of fire
 95915 | Zot:5    | Killed an orb of fire
 95960 | Zot:5    | Noticed a Killer Klown
 95973 | Zot:5    | Killed a Killer Klown
 96353 | Zot:5    | Noticed a dread lich
 96357 | Zot:5    | Killed a dread lich
 96488 | Zot:5    | Noticed a Killer Klown
 96515 | Zot:5    | Killed a Killer Klown
 96636 | Zot:5    | Noticed a Killer Klown
 96636 | Zot:5    | Noticed an orb of fire
 96642 | Zot:5    | Killed an orb of fire
 96760 | Zot:5    | Killed a Killer Klown
 97009 | Zot:5    | Noticed an orb of fire
 97013 | Zot:5    | Killed an orb of fire
 97430 | Zot:5    | Learned a level 2 spell: Blink
 97453 | Zot:5    | Noticed an orb of fire
 97460 | Zot:5    | Killed an orb of fire
 98319 | Zot:5    | Noticed an ancient lich
 98559 | Zot:5    | Killed an ancient lich
 98947 | Zot:5    | Noticed an orb of fire
 98983 | Zot:5    | Killed an orb of fire
 99530 | Zot:5    | Noticed an orb of fire
100633 | Zot:5    | Got the Orb of Zot
100928 | D:10     | Reached XP level 26. HP: 213/213 MP: 29/46
101169 | D:1      | Noticed Rekamae the pandemonium lord
101180 | D:1      | Killed Rekamae the pandemonium lord
101210 | D:1      | gg
101211 | D:$      | Escaped with the Orb!

Illustrated notes

.............###)###........#####
.........##..#8...8#..##....#
.#'##...####.##.#.##.####...#
.#.##....##..#8.#.8#..##....#
.#.##..!.....##.#.##........#####
.#.##.########8...8########.#..>.
.#..#.#8#8#8#8#...#8#8#8#8#.#....
.##...#...................#.#....
.##...'.#####...@...#####.'......
.##.#.#...................#.#.###
.##.#.#8#8#8#8#...#8#8#8#8#.#.###
.##.#.########8...8########.#....
.##{#2.......##.#.##........#####
###.#....##..#8.#.8#..##....#
###.#...####.##.#.##.####...#
.##.#....##..#8...8#..##....#
.##.#........###'###........#


Turn 101210 on D:1: gg

Levels and vault maps discovered:
D:1:      heliophobic_arrival_ceremonial_halls, layout_basic, serial_shops, shop
D:2:      layout_basic
D:3:      layout_loops_corners, hellmonk_ecumenical_altar_arch_garden,
          roderic_lattice_a, uniq_terence
D:4:      layout_cave_pools, serial_column_ruins, column_ruins_hut_ruined,
          column_ruins_hut, column_ruins_corridor_corner,
          column_ruins_columns_plus, column_ruins_columns_straight,
          column_ruins_corridor_straight, column_ruins_open_small,
          minmay_manual_mares, uniq_eustachio
D:5:      layout_gridville, st_stairs_4
D:6:      layout_cave_pools, slow_altar_1, minmay_temple_entry_glassed_door,
          hex_tiny
D:7:      layout_basic, kennysheep_vampire_church,
          mainiacjoe_overflow_tiny_flanked, enter_bailey_3, uniq_maggie
D:8:      layout_basic, mainiacjoe_overflow_alcove_1, uniq_grum, uniq_jeremiah,
          uniq_maurice
D:9:      nicolae_whirlpool, layout_basic, dpeg_lair_monsters,
          kennysheep_orc_monster_closet_entryway, grunt_livestock, uniq_psyche
D:10:     kennysheep_windowed_halls, layout_grid_maze, old_standard_altar,
          nicolae_shop_distant_corner_stores, minivault_22
D:11:     nicolae_cairo_tiling_large_dashed, layout_basic
D:12:     layout_rooms, serial_shops, shop
D:13:     layout_loops_ring, ximxim_vaults_locker_room, serial_aquarium,
          aquarium_bridge_straight [aquarium_subvault_bridge,
          aquarium_subvault_balcony, aquarium_subvault_bridge,
          aquarium_subvault_window], aquarium_window_2, aquarium_window_corner,
          aquarium_window_corridor_3, aquarium_view_2d,
          nzn_wu_jian_contemplation
D:14:     minmay_the_grid_square_5x5_5x5_mashed
          [minmay_the_grid_square_5x5_three,
          minmay_the_grid_square_5x5_bracketed, minmay_the_grid_square_5x5_bite,
          minmay_the_grid_square_5x5_two, minmay_the_grid_square_5x5_two_small,
          minmay_the_grid_square_5x5_inset,
          minmay_the_grid_square_5x5_prize_itemx,
          minmay_the_grid_square_5x5_spiral,
          minmay_the_grid_square_5x5_prize_pseudospiral,
          minmay_the_grid_square_5x5_dogpile, minmay_the_grid_square_5x5_eight,
          minmay_the_grid_square_5x5_three_small,
          minmay_the_grid_square_5x5_prize_rear_guard,
          minmay_the_grid_square_5x5_doubleslash,
          minmay_the_grid_square_5x5_empty,
          minmay_the_grid_square_5x5_hourglass,
          minmay_the_grid_square_5x5_prize_monsterx,
          minmay_the_grid_square_5x5_shrine2,
          minmay_the_grid_square_5x5_prize_open,
          minmay_the_grid_square_5x5_inner_v,
          minmay_the_grid_square_5x5_broken_cross,
          minmay_the_grid_square_5x5_mess, minmay_the_grid_square_5x5_z,
          minmay_the_grid_square_5x5_pentomino_r, minmay_the_grid_square_5x5_c],
          layout_cave_pools, serial_ice, serial_ice_o, serial_ice_h,
          serial_ice_k, serial_ice_n, serial_ice_d, uniq_nessos
D:15:     grunt_enter_depths_snipers, layout_cave_pods,
          chequers_serial_rivers_micro_a, serial_nicolae_subway,
          nicolae_sub_station_crystal, nicolae_sub_station_stone,
          nicolae_sub_station_metal, uniq_louise
Temple:   hellmonk_temple_divided_pantheon
Lair:1:   layout_gridlike, minmay_lair_oklob_bushes
Lair:2:   layout_regular_city, minmay_swamp_entry_worms,
          alex1729_snake_entry_snake, gauntlet_entry_generic, basic_altar,
          pdpol_lair_neglected_garden, beast_lair_carwin_2, grunt_megastairs_1
Lair:3:   layout_chaotic_city, gammafunk_ghost_abyssal_escape,
          infiniplex_staircase_pool_2, lemuel_fruit_fields
Lair:4:   layout_loops_ring, chequers_serial_rivers_micro_c, roderic_batcave
Lair:5:   minmay_lair_end_enchanted_forest, layout_hall_layers,
          minmay_slime_entry_oklob_enclosed, gammafunk_ghost_icy
Swamp:1:  layout_falls_marsh, evilmike_swamp_ruin_wall, swamp_pool_5
Swamp:2:  layout_basic_swamp, evilmike_swamp_ruin_rubble_1, uniq_aizul
Swamp:3:  layout_basic_swamp, hangedman_swamp_lotus,
          nicolae_swamp_decorative_isthmus, uniq_jorgrun
Swamp:4:  swamp_old_school, layout_basic_swamp,
          portal_ice_cave_entry_ugly_swarm, swamp_pool_5,
          infiniplex_staircase_pool, uniq_kirke
Snake:1:  layout_honeycomb, lemuel_fruit_tree
Snake:2:  layout_cave_shapes, nicolae_elevator_lobby_plus, uniq_roxanne,
          uniq_agnes
Snake:3:  layout_layer_cave, st_stairs_12
Snake:4:  johnstein_snake_rune_scales, layout_rooms, nicolae_snake_boneroom
Orc:1:    layout_caves, kennysheep_orc_sif_temple
Orc:2:    st_orc_elflike, layout_caves, basic_altar, serial_shops,
          nicolae_shop_tiny_statue_garden
Elf:1:    minmay_elf_arrival_summoners, layout_geoelf_diagonals, serial_shops,
          nicolae_take_the_stairs, shop, basic_altar, minmay_elf_demonology,
          minivault_16, nicolae_shop_firing_range
Elf:2:    nicolae_elf_blades_splatter_lattice [nicolae_blade_bullseye],
          layout_rooms, serial_shops, bzr_entry_customers, uniq_nikola
Elf:3:    minmay_elf_hall_curves, layout_loops_ring, serial_shops, shop,
          nicolae_shop_pleasant_corner_grove, shop, grunt_megastairs_5
Vaults:1: vaults_standard_mumra_lines, special_room_vaults [special_room_orc],
          nicolae_vaults_big_ls, hangedman_vaults_maws, vaults_mumra_minichess,
          nicolae_vaults_tetromino_Z_2, vaults_room_fours,
          layout_vaults_omnigrid
Vaults:2: minmay_crypt_entry_simple_plaza, nicolae_vaults_circle_grid_b,
          nicolae_vaults_sightless_eye, vaults_room_hallway, v_misc_24,
          v_misc_26, nicolae_vaults_spaceships, v_misc_24, vaults_room_pool,
          ontoclasm_vaults_gateway, nicolae_vaults_tetromino_L_1,
          vaults_room_fours, vaults_room_corners, nicolae_vaults_tetromino_Z_1,
          v_pattern_3, layout_vaults_big_room, serial_shops,
          nicolae_shop_bloodbath_and_beyond
Vaults:3: ebering_ghost_disaster_area, vaults_room_stairs_pillars,
          nicolae_vaults_steering_wheel, v_pattern_1,
          nicolae_vaults_shelves_hall, v_alt_pattern_1,
          nicolae_vaults_offset_grid_hallway_4, vaults_mumra_lcd, v_misc_33,
          ontoclasm_vaults_ring_large, nicolae_vaults_alarming,
          nicolae_vaults_diagonal_hallway_8, v_misc_22, nicolae_vaults_house_2,
          layout_vaults_ring, serial_shops,
          nicolae_shop_temple_entry_statues_fountains
Vaults:4: nicolae_vaults_double_plus_1, nicolae_vaults_twisting_passages,
          hangedman_vaults_trim, ontoclasm_vaults_ring_square, st_lattice,
          hangedman_vaults_snaps, v_misc_17, vaults_room_door_hall,
          layout_vaults_omnicross, serial_shops, nicolae_shop_tiny_waterfront
Vaults:5: serial_shops, uniq_saint_roka, uniq_xtahua, uniq_margery, uniq_sojobo
Depths:1: layout_gridville, minmay_room_of_horrors, hangedman_coc_ice_floe,
          special_room [special_room_morgue], serial_sigils_hangedman_etch,
          minmay_misc_feat_enclosed, st_stairs_10, grunt_decor_mini_mirrors,
          grunt_ministairs_6, hellmonk_scarab_ruin
Depths:2: hellmonk_destroyed_diamonds, layout_gridville, ziggurat_fallback,
          grunt_mini_vestibule, abyss_entry, rand_demon_pan_entry_9,
          minmay_stone_trees_small
Depths:3: nicolae_aperiodic_l_corner, layout_gridlike, hell_entry,
          lemuel_coloured_pillars_altar, serial_shops, shop,
          hangedman_abyss_entry_splay, nicolae_trove_entry_isolated,
          dispersion_dpeg, uniq_jory
Depths:4: grunt_zot_entry_gee_three, layout_gridlike,
          hangedman_abyss_or_decor_stagger, grunt_hell_entry_dis_grunt,
          hangedman_ru_absence
Zot:1:    layout_onion_interference
Zot:2:    layout_gridlike, regret_index_zotdec_iron_s, basic_altar,
          grunt_ministairs_5, regret_index_zotdec_onion_hex
Zot:3:    layout_gridville, regret_index_zotdec_split_disrupt, lemuel_elevator
Zot:4:    layout_cathedral_of_symmetry, regret_index_zotdec_ceiling_fans
Zot:5:    layout_misc_corridors, grunt_ministairs_8

Skill      XL: |  1  2  3  4  5  6  7  8  9 10 11 12 13 14 15 16 17 18 19 20 21 22 23 24 25 26 |
---------------+-------------------------------------------------------------------------------+-----
Fighting       | 1 2 3 4 5 6 7 11 13 15 18 19 | 19.0
Spellcasting   | 3 4 5 7 10 11 12 13 15 16 17 19 | 19.0
Armour         | 2 3 5 6 7 9 |  9.8
Air Magic      | 4 5 8 10 11 15 16 18 | 18.0
Summonings     | 1 4 8 10 11 | 11.9
Evocations     | 3 4 6 |  6.4
Conjurations   | 4 5 8 11 12 13 14 17 19 20 | 20.8
Fire Magic     | 1 8 10 | 10.8
Dodging        | 2 3 6 8 10 | 10.8
Shields        | 1 2 7 9 10 | 10.8
Polearms       | |  1.0

Action                     |  1- 3 |  4- 6 |  7- 9 | 10-12 | 13-15 | 16-18 | 19-21 | 22-24 | 25-27 || total
---------------------------+-------+-------+-------+-------+-------+-------+-------+-------+-------++-------
  Melee: Spear             |    64 |       |       |       |       |       |       |       |       ||    64
         Short sword       |    41 |   165 |   393 |       |       |       |       |       |       ||   599
         Punch             |       |     3 |     4 |       |       |       |       |       |       ||     7
         Hand axe          |       |       |    28 |   152 |     4 |       |       |       |       ||   184
         Staff             |       |       |       |       |   134 |   133 |   188 |   239 |    49 ||   743
   Cast: Shock             |    58 |       |   116 |   135 |     1 |     1 |       |       |       ||   311
         Airstrike         |       |       |    28 |    77 |     4 |       |    78 |    44 |       ||   231
         Summon Lightning  |       |       |     8 |    56 |       |       |     6 |       |       ||    70
         Arcjolt           |       |       |       |    24 |    81 |    82 |    70 |    23 |     2 ||   282
         Freezing Cloud    |       |       |       |     6 |     2 |     1 |     2 |     9 |       ||    20
         Plasma Beam       |       |       |       |     5 |   350 |   328 |   366 |   423 |   179 ||  1651
         Spellforged Servi |       |       |       |       |       |    39 |    24 |     6 |       ||    69
         Conjure Ball Ligh |       |       |       |       |       |    18 |    26 |     1 |    11 ||    56
         Maxwell's Capacit |       |       |       |       |       |       |     5 |    89 |    36 ||   130
         Chain Lightning   |       |       |       |       |       |       |       |     5 |    11 ||    16
         Blink             |       |       |       |       |       |       |       |       |    10 ||    10
 Invoke: Curse Item        |       |       |     2 |     4 |     3 |     3 |       |     2 |       ||    14
         Shatter the Chain |       |       |       |     1 |     1 |       |     1 |     1 |       ||     4
  Evoke: Wand              |       |     1 |     4 |     8 |     2 |     7 |    16 |    10 |     2 ||    50
         Phantom mirror    |       |       |       |       |       |     1 |     2 |       |       ||     3
         Phial of floods   |       |       |       |       |       |       |     3 |     1 |       ||     4
         Tin of tremorston |       |       |       |       |       |       |     1 |       |       ||     1
    Use: Scroll            |     3 |     8 |     7 |     2 |       |     1 |    29 |    10 |     8 ||    68
   Stab: Sleeping          |       |       |     1 |       |       |       |       |       |       ||     1
         Distracted        |       |       |       |     2 |       |       |       |       |       ||     2
 Armour: Leather armour    |    30 |       |       |       |       |       |       |       |       ||    30
         Plate armour      |    40 |   247 |   439 |       |       |       |       |       |       ||   726
         Steam dragon scal |       |       |   101 |   335 |   158 |       |       |       |       ||   594
         Ring mail         |       |       |       |       |    94 |   347 |   485 |   422 |   177 ||  1525
  Dodge: Dodged            |    59 |    69 |   173 |   205 |   142 |   245 |   248 |   266 |    74 ||  1481
  Block: Buckler           |       |       |       |    37 |   149 |   199 |     3 |       |       ||   388
         Reflection        |       |       |       |       |    21 |    23 |       |       |       ||    44
         Kite shield       |       |       |       |       |       |       |   425 |   436 |   107 ||   968

Table legend: (Time is in decaauts)
 A = Elapsed time spent in this place.
 B = Non-inter-level travel time spent in this place.
 C = Inter-level travel time spent in this place.
 D = Time resting spent in this place.
 E = Time spent auto-exploring this place.
 F = Levels seen in this place.
 G = Mean time per level.
                   A        B        C        D        E       F      G
               +--------+--------+--------+--------+--------+-----+--------+
         Total | 101627 |  95019 |   6608 |  43530 |  33131 |  53 | 1917.5 |
       Dungeon |  26059 |  22756 |   3303 |   7691 |   9476 |  15 | 1737.3 |
        Temple |     30 |     19 |     11 |      0 |      0 |   1 |   30.0 |
          Lair |  10880 |  10098 |    782 |   5787 |   2949 |   5 | 2176.0 |
         Swamp |   4854 |   4733 |    121 |   2107 |   1729 |   4 | 1213.5 |
     Snake Pit |   9248 |   8880 |    368 |   4534 |   3104 |   4 | 2312.0 |
  Orcish Mines |   3218 |   3041 |    177 |   1764 |    978 |   2 | 1609.0 |
   Elven Halls |   7108 |   6842 |    266 |   3622 |   1678 |   3 | 2369.3 |
        Vaults |  12758 |  12342 |    416 |   5710 |   3972 |   5 | 2551.6 |
        Depths |  11421 |  10772 |    649 |   4238 |   4818 |   4 | 2855.2 |
           Zot |  12327 |  11814 |    513 |   6423 |   3388 |   5 | 2465.4 |
        Bazaar |    288 |    288 |      0 |      0 |    176 |   1 |  288.0 |
         Trove |     41 |     41 |      0 |      0 |      2 |   1 |   41.0 |
        Bailey |    871 |    871 |      0 |    392 |    115 |   1 |  871.0 |
      Ice Cave |   1808 |   1808 |      0 |   1053 |    462 |   1 | 1808.0 |
      Gauntlet |    710 |    710 |      0 |    209 |    284 |   1 |  710.0 |
               +--------+--------+--------+--------+--------+-----+--------+

Top non-repeatable levels by time:
   Zot:5: 5376 daAuts
Depths:4: 5296 daAuts
Vaults:5: 4241 daAuts
     D:8: 3529 daAuts
 Snake:3: 3342 daAuts
  Lair:2: 3175 daAuts
   Elf:3: 3127 daAuts
    D:10: 3077 daAuts
Vaults:1: 3038 daAuts
    D:14: 2972 daAuts
 Snake:2: 2632 daAuts
  Lair:4: 2612 daAuts
   Zot:2: 2237 daAuts
Depths:2: 2174 daAuts
Vaults:2: 2126 daAuts
